 Dungeon Sprint DCSS version 0.20.1-1-g8b1a95d (webtiles) character file.

7 timeclock555 the Magician (level 1, -2/14 HPs)
             Began as a Draconian Wanderer on May 18, 2018.
             Slain by a sky beast (5 damage)
             ... in the Dungeon (Sprint IX: "|||||||||||||||||||||||||||||").
             The game lasted 00:01:10 (56 turns).

timeclock555 the Magician (Draconian Wanderer)        Turns: 56, Time: 00:01:10

Health: -2/14      AC:  4    Str: 12    XL:     1   Next: 83%
Magic:  6/6        EV: 11    Int: 11    God:
Gold:   0          SH:  0    Dex: 13    Spells: 10/10 levels left

rFire    . . .     SeeInvis .   d - +0 dagger
rCold    . . .     Gourm    .   (no shield)
rNeg     . . .     Faith    .   (armour unavailable)
rPois    .         Spirit   .   (helmet restricted)
rElec    .         Reflect  .   (no cloak)
rCorr    .         Harm     .   (no gloves)
MR       .....     NoTele   +   (no boots)
Stlth    ++........             (no amulet)
Regen    0.1/turn               (no ring)
MPRegen  0.1/turn               (no ring)

@: no status effects
A: unfitting armour, cold-blooded, AC +4
a: no special abilities


You were in the Dungeon.
You were very full.

You visited 1 branch

Inventory:

Hand Weapons
 d - a +0 dagger (weapon)
 l - a +0 club
 m - a +0 club
Scrolls
 k - a scroll of blinking
Potions
 e - a potion of curing
 g - a potion of heal wounds
 h - a potion of haste
 i - 2 potions of magic
 j - a potion of berserk rage
Books
 a - a book of Geomancy

   Spells                             Type                      Level
   a - Sandblast                      Earth                        1
   b - Passwall                       Transmutation/Earth          2
   c - Stone Arrow                    Conjuration/Earth            3
   d - Petrify                        Transmutation/Earth          4
   e - Lee's Rapid Deconstruction     Earth                        5
 b - the Almanac of Darkness

   Spells                             Type                      Level
   a - Corpse Rot                     Necromancy                   2
   b - Sublimation of Blood           Necromancy                   2
 c - Sif Muna's Tome of Poison

   Spells                             Type                      Level
   a - Sting                          Conjuration/Poison           1
   b - Ignite Poison                  Fire/Transmutation/Poison    3


   Skills:
 + Level 1.0 Throwing
 + Level 1.0 Stealth
 + Level 5.3 Spellcasting
   Level 1.0 Translocations
   Level 1.0 Earth Magic
   Level 2.0 Poison Magic


You had 10 spell levels left.
You didn't know any spells.

Dungeon Overview and Level Annotations

Branches:
Dungeon (1/1)

Altars:


Innate Abilities, Weirdness & Mutations

Your plain brown scales are hard. (AC +4)
You cannot fit into any form of body armour.
You are cold-blooded and may be slowed by cold attacks.


Message History

The frilled lizard hisses angrily.
The jackal barks!
You eat the bread ration.
That bread ration really hit the spot!
The frilled lizard misses you.
The crimson imp shouts!
The crimson imp blinks!
You miss the frilled lizard.
The frilled lizard bites you but does no damage.
You miss the frilled lizard.
The frilled lizard bites you but does no damage.
You closely miss the frilled lizard.
The sky beast flickers out of sight!
Deactivating autopickup; reactivate with Ctrl-A.
The frilled lizard bites you but does no damage.
Autopickup is now on.
You hit the frilled lizard.
You kill the frilled lizard!
Deactivating autopickup; reactivate with Ctrl-A.
You hit something but do no damage.
The crimson imp disappears for a moment.
Something hits you.
You die...

▓▓▓
▓<▓
▓.▓
▓.▓
▓.▓
▓†▓
▓.▓
▓.▓
▓@▓
▓.▓
▓h▓
▓5▓
▓.▓
▓r▓
▓.▓
▓.▓
▓.▓


You could see a crimson imp, a quokka and a jackal.

Vanquished Creatures
  A leopard gecko (D)
  2 hobgoblins (D)
  A ball python (D)
  A frilled lizard (D)
  A rat (D)
6 creatures vanquished.

Notes
Turn   | Place    | Note
-------+----------+-------------------------------------------
     0 | D        | timeclock555 the Draconian Wanderer began the quest for the Orb.
     0 | D        | timeclock555 set off with: a book of Geomancy, the Almanac of Darkness, Sif Muna's Tome of Poison, a +0 dagger, a potion of curing, a bread ration, a potion of heal wounds, a potion of haste, 2 potions of magic, a potion of berserk rage, a scroll of blinking
     0 | D        | Reached XP level 1. HP: 14/14 MP: 5/5
    20 | D        | Reached skill level 5 in Spellcasting
    48 | D        | Noticed a sky beast
    48 | D        | Noticed a crimson imp
    56 | D        | Slain by a sky beast

Skill      XL: |  1 |
---------------+----+-----
Spellcasting   | 5 |  5.3
Throwing       | |  1.0
Stealth        | |  1.0
Translocations | |  1.0
Earth Magic    | |  1.0
Poison Magic   | |  2.0

Action                   || total
-------------------------++-------
Melee: Dagger            ||    28
       Tailslap          ||     3
  Eat: Bread ration      ||     1
Armor: Skin              ||     7
Dodge: Dodged            ||     7
